[Event "FIDE World Cup O10-A 2024"]
[Site "Batumi"]
[Date "2024.06.28"]
[Round "6.1"]
[White "Bolashakov, Nurali"]
[Black "Chakrabarty, Reyaansh"]
[Result "1-0"]
[ECO "B11"]
[WhiteElo "1843"]
[BlackElo "2185"]
[Annotator "RC"]
[PlyCount "83"]
[EventDate "2024.06.23"]
[EventType "swiss"]
[EventCountry "GEO"]
[SourceTitle "playchess.com"]
[Source "ChessBase"]
[SourceQuality "1"]
[TimeControl "5400+30"]

1. e4 c6 2. Nc3 d5 3. Nf3 dxe4 4. Nxe4 Nf6 5. Qe2 Nxe4 6. Qxe4 Nd7 7. Bc4 Nf6 8. Ne5 e6 9. Qe2 b5 10. Bb3 Qc7 11. O-O Bd6 12. d4 O-O 13. c3 c5 14. Bf4 c4 15. Bc2 Nd5 16. Bg3 Bb7 17. Rae1 h6 18. Bb1 Rae8 19. Qh5 Qe7 20. Qh3 Bxe5 21. Rxe5 f5 22. Rfe1 Qf6 23. Bxf5 Qxf5 24. Qxf5 exf5 25. Rxe8 f4 26. Rxf8+ Kxf8 27. Bh4 g5 28. Bxg5 hxg5 29. Re5 a5 30. a3 g4 31. Rf5+ Ke7 32. Rg5 Kf6 33. Rxg4 f3 34. g3 b4 35. axb4 axb4 36. cxb4 Nxb4 37. h4 Bd5 38. h5 Be6 39. Rg6+ Kf7 40. Rg5 Kf6 41. h6 Bf5 42. Rxf5+ 1-0

[Event "FIDE World Cup O10-A 2024"]
[Site "Batumi"]
[Date "2024.06.28"]
[Round "6.2"]
[White "Safin Safarullakhan"]
[Black "Vyom Malhotra"]
[Result "0-1"]
[ECO "A96"]
[WhiteElo "1879"]
[BlackElo "1803"]
[Annotator "NA"]
[PlyCount "260"]
[EventDate "2024.06.23"]
[EventType "swiss"]
[EventCountry "GEO"]
[SourceTitle "playchess.com"]
[Source "ChessBase"]
[SourceQuality "1"]
[TimeControl "5400+30"]

1. Nf3 f5 2. g3 Nf6 3. Bg2 d6 4. d4 e6 5. O-O Be7 6. c4 O-O 7. Nc3 Ne4 8. Qc2 Nxc3 9. bxc3 Nc6 10. d5 Na5 11. dxe6 Bxe6 12. Nd4 Bxc4 13. Nxf5 Bf6 14. Bf4 Qe8 15. Rfe1 Be5 16. Bxe5 Qxe5 17. e4 Rae8 18. Ne3 Qc5 19. Nxc4 Nxc4 20. Rf1 Kh8 21. Kh1 Re6 22. Rad1 Ne5 23. Rd4 Rh6 $11 24. h3 Nf3 25. Rd3 Qh5 26. Rxf3 Rxf3 27. Qa4 Rf8 28. Qxa7 Qb5 29. f4 Qd3 30. Kh2 Rg6 31. Rf3 Qb1 32. e5 h5 33. Re3 Re6 34. exd6 Rxe3 35. Qxe3 cxd6 36. Qe7 Qf5 37. h4 Qf6 38. Qxb7 Re8 39. a4 Qg6 40. Qb6 Re2 41. Qd4 Qe6 42. c4 Qg4 43. Qd3 Ra2 44. a5 Qe6 45. f5 Qh6 46. Qe4 Kh7 47. f6+ Qg6 48. Qf3 Qxf6 49. Qxh5+ Qh6 50. Qd5 Rd2 51. Qe4+ Qg6 52. Qf3 Ra2 53. Qd5 Kh6 54. Kh3 Ra3 55. Bf3 Rd3 56. Qe4 Qxe4 57. Bxe4 Ra3 58. Kg4 Rxa5 59. Bd5 Kg6 60. Kf4 Ra1 61. g4 Rf1+ 62. Ke4 Rh1 63. h5+ Kg5 64. Be6 Kf6 65. Bf5 Rd1 66. Bd7 Kg5 67. Bf5 Rd2 68. Ke3 Rd1 69. Ke4 Kh4 70. Bd7 Kg5 71. Bf5 Rd2 72. Ke3 Ra2 73. Kd4 Ra5 74. Bd7 Kf4 75. Bf5 Rc5 76. Bd7 Re5 77. Bf5 Kf3 78. Bd7 Rc5 79. Bf5 Kf4 80. Bd7 Kg5 81. Bf5 Kf6 82. Bd7 Ke7 83. Bf5 Kd8 84. Be4 Re5 85. Bf5 Ke7 86. Bc8 Re1 87. Bf5 Kf6 88. Kd5 Rd1+ 89. Ke4 Kg5 90. Bd7 Rd2 91. Bf5 Kf6 92. Bd7 Ra2 93. Kd5 Ke7 94. Bf5 Ra5+ 95. Kd4 Kf6 96. Bd7 Kg5 97. Bf5 Kf4 98. Bd7 Ra1 99. Kd5 Rd1+ 100. Kc6 Rd4 101. Kb5 Kg5 102. Bf5 Rd1 103. Kb4 Kf4 104. Kc3 Ke5 105. Kc2 Rg1 106. Kd3 Rg3+ 107. Kc2 Kf4 108. Kd2 Rxg4 109. Bxg4 Kxg4 110. Ke3 Kxh5 111. Kd4 g5 112. Kd5 g4 113. Kxd6 g3 114. c5 g2 115. c6 g1=Q 116. Kd7 Qg7+ 117. Kc8 Qf8+ 118. Kb7 Qb4+ 119. Kc8 Qf8+ 120. Kb7 Qf3 121. Kb6 Kg6 122. Kc7 Kf6 123. Kd7 Qd5+ 124. Kc7 Ke7 125. Kb6 Kd6 126. c7 Qc6+ 127. Ka7 Qxc7+ 128. Ka8 Qe7 129. Kb8 Kc6 130. Kc8 Qe8# 0-1

[Event "FIDE World Cup O10-A 2024"]
[Site "Batumi"]
[Date "2024.06.28"]
[Round "6.3"]
[White "Shangin, Lev"]
[Black "Eshkol, Idan"]
[Result "1-0"]
[ECO "A53"]
[WhiteElo "2031"]
[BlackElo "1544"]
[Annotator "NA RC"]
[PlyCount "77"]
[EventDate "2024.06.23"]
[EventType "swiss"]
[EventCountry "GEO"]
[SourceTitle "playchess.com"]
[Source "ChessBase"]
[SourceQuality "1"]
[TimeControl "5400+30"]

1. d4 d6 2. c4 e5 3. d5 Be7 4. Nf3 Nf6 5. Nc3 c6 6. e4 Nbd7 7. Be2 Nf8 8. dxc6 bxc6 9. c5 d5 $2 (9... Ne6 $11 {and Black has nothing to worry.}) 10. exd5 Bxc5 11. Nxe5 (11. Qa4 $18 Qb6 12. Qxc6+ (12. dxc6 Bxf2+ 13. Kf1 Ne6 $11) 12... Qxc6 13. dxc6) 11... cxd5 12. O-O a6 (12... Ne6 $16 {was called for.}) 13. Bg5 Be6 (13... Ne6 {was called for.}) 14. Qa4+ N8d7 15. Bxf6 ({And not} 15. Bxa6 O-O 16. Bxf6 gxf6 $17 (16... Nxf6 17. Qc6 $19)) 15... Qxf6 16. Qc6 Qd8 $18 17. Nxd7 Rc8 18. Qxa6 Bxd7 19. Nxd5 O-O 20. Rad1 Qg5 21. Nf6+ gxf6 22. Rxd7 Qe5 23. Bc4 Rb8 24. Bb3 Rbe8 25. Qc4 Bd6 26. g3 Rc8 27. Qg4+ Kh8 28. Rxf7 f5 29. Rxf8+ Rxf8 30. Qc4 Qg7 31. f4 Qxb2 32. Rf2 Qa1+ 33. Kg2 Bb8 34. Rc2 Qg7 35. Qc3 Rf6 36. Re2 Qb7+ 37. Qf3 Qc8 38. Qd5 Rd6 39. Qe5+ 1-0

[Event "FIDE World Cup O10-A 2024"]
[Site "Batumi"]
[Date "2024.06.28"]
[Round "6.4"]
[White "Mrozowski, Nikodem"]
[Black "Ashwath Kaushik"]
[Result "1/2-1/2"]
[ECO "E08"]
[WhiteElo "1776"]
[BlackElo "2029"]
[Annotator "NA RC"]
[PlyCount "160"]
[EventDate "2024.06.23"]
[EventType "swiss"]
[EventCountry "GEO"]
[SourceTitle "playchess.com"]
[Source "ChessBase"]
[SourceQuality "1"]
[TimeControl "5400+30"]

1. d4 d5 2. c4 e6 3. Nf3 Nf6 4. g3 Be7 5. Bg2 O-O 6. O-O c6 7. Qc2 b6 8. Rd1 Nbd7 9. Nc3 Ba6 {[%emt 0:00:00] E08: Closed Catalan: Main Line: 7 Qc2.} 10. Nd2 b5 11. cxb5 cxb5 12. a3 $1 Rc8 13. Qb3 (13. e4 $142) 13... Qb6 14. e4 dxe4 15. Ndxe4 Nxe4 16. Nxe4 Bb7 17. Be3 Bd5 18. Qd3 Qb7 19. f3 f5 20. Nd2 g5 21. Bf2 g4 22. Qe3 {[%emt 0:04:00] [#]} ({Better is} 22. Bf1) 22... f4 23. gxf4 {[%emt 0:00:00] [#]} Bd6 (23... Nb6 $1 $17 24. b3 Bd6) 24. Bg3 Qb8 25. fxg4 Bxf4 26. Bxf4 Qxf4 $11 27. Qxf4 Rxf4 28. Bxd5 exd5 29. h3 Rc2 30. b4 Nb6 31. Rf1 Rxd4 32. Nf3 Rd3 33. Rf2 Rcc3 34. Kg2 Rxa3 35. Re1 Re3 36. Rxe3 Rxe3 37. Nd4 Re4 38. Nxb5 a6 39. Nc7 Rxb4 40. Rd2 d4 41. Ne6 a5 42. Rxd4 Rb2+ 43. Kg3 a4 44. Rd3 Nc4 45. Rd4 Nb6 46. Rd3 Rb3 47. Nc5 Rb5 48. Ne6 Nc4 49. Rd8+ Kf7 50. Nd4 Ra5 51. Nc6 Ra6 52. Nb4 Rb6 53. Nd5 Rb3+ 54. Kh4 a3 55. Ra8 Rb2 56. Nc3 Rc2 57. Nb5 a2 58. Nd4 Rb2 59. Kg5 Nd6 60. Ra7+ Ke8 61. h4 Ne4+ 62. Kh6 Nc3 63. Kxh7 Rb1 64. Nc2 Rc1 65. g5 Rxc2 66. g6 Nd5 67. g7 Nf6+ 68. Kh8 Rg2 69. h5 Rh2 70. g8=Q+ Nxg8 71. Kxg8 Rg2+ 72. Kh7 Kf8 73. Ra8+ Kf7 74. Ra7+ Kf6 75. Ra6+ Ke5 76. h6 Kd4 77. Kh8 Kc3 78. h7 Kb2 79. Rb6+ Ka1 80. Rb1+ axb1=N 1/2-1/2

[Event "FIDE World Cup O10-A 2024"]
[Site "Batumi"]
[Date "2024.06.28"]
[Round "6.5"]
[White "Ramesan, Raunak Amit"]
[Black "Guntaka, Aayansh"]
[Result "0-1"]
[ECO "C01"]
[WhiteElo "1772"]
[BlackElo "1872"]
[Annotator "NA RC"]
[PlyCount "64"]
[EventDate "2024.06.23"]
[EventType "swiss"]
[EventCountry "GEO"]
[SourceTitle "playchess.com"]
[Source "ChessBase"]
[SourceQuality "1"]
[TimeControl "5400+30"]

1. e4 e6 2. d4 d5 3. Nc3 Bb4 4. exd5 exd5 5. Bd3 Ne7 6. Nf3 O-O {[%emt 0:00:37] C01: French: Exchange Variation.} 7. O-O Bf5 8. Ne2 Bd6 9. Bxf5 Nxf5 10. Qd3 Qd7 11. Nf4 c6 12. Ne5 Bxe5 13. dxe5 Re8 14. Re1 Na6 15. b3 Nc5 16. Qh3 f6 17. Bb2 fxe5 18. Bxe5 Qf7 19. Nh5 $11 Ne4 20. Bb2 d4 21. f3 Ned6 22. Rad1 Rxe1+ 23. Rxe1 Re8 24. Rd1 Re2 25. Bxd4 Nxd4 26. Rxd4 Qe7 27. Rd3 Rxc2 28. Rd1 Qe3+ 29. Kh1 Rc1 30. Nf6+ gxf6 31. Qg4+ Kh8 32. f4 Qe1+ 0-1

[Event "FIDE World Cup O10-A 2024"]
[Site "Batumi"]
[Date "2024.06.28"]
[Round "6.6"]
[White "Aryan Mehta"]
[Black "Tsulaia, Giorgi"]
[Result "1-0"]
[ECO "E30"]
[WhiteElo "1863"]
[BlackElo "1646"]
[Annotator "NA RC"]
[PlyCount "69"]
[EventDate "2024.06.23"]
[EventType "swiss"]
[EventCountry "GEO"]
[SourceTitle "playchess.com"]
[Source "ChessBase"]
[SourceQuality "1"]
[TimeControl "5400+30"]

1. d4 Nf6 2. c4 e6 3. Nc3 Bb4 4. Bg5 c5 5. d5 h6 6. Bh4 g5 7. Bg3 Ne4 8. Qc2 Qa5 9. Be5 f6 10. Qxe4 fxe5 11. Qg6+ Kf8 12. Qf6+ $18 Kg8 13. Qxe5 d6 14. Qf6 Rh7 15. e3 Rf7 16. Qg6+ Rg7 17. Qc2 e5 18. Bd3 a6 19. Nge2 b5 20. O-O Bxc3 21. Nxc3 bxc4 22. Bxc4 Bb7 23. Ne4 Qd8 24. f4 exf4 25. exf4 g4 26. Qc3 Rf7 27. Qg3 Qd7 28. f5 h5 29. Nxd6 Rf6 30. Ne4 Rxf5 31. Nf6+ Rxf6 32. Rxf6 Qg7 33. d6+ Kh8 34. Qe5 Nd7 35. Rh6# 1-0

[Event "FIDE World Cup O10-A 2024"]
[Site "Batumi"]
[Date "2024.06.28"]
[Round "6.7"]
[White "Ismailov, Omarbek"]
[Black "Kalinichenko, German Yu"]
[Result "1/2-1/2"]
[ECO "D93"]
[WhiteElo "1716"]
[BlackElo "1634"]
[Annotator "NA RC"]
[PlyCount "102"]
[EventDate "2024.06.23"]
[EventType "swiss"]
[EventCountry "GEO"]
[SourceTitle "playchess.com"]
[Source "ChessBase"]
[SourceQuality "1"]
[TimeControl "5400+30"]

1. d4 Nf6 2. Bf4 g6 3. e3 Bg7 4. Nf3 O-O 5. c4 c5 6. Nc3 d5 7. Be2 Nc6 8. O-O Nh5 9. Bg3 Nxg3 10. hxg3 cxd4 11. exd4 dxc4 12. d5 Ne5 13. Nxe5 Bxe5 14. Bxc4 Bd7 15. Bb3 Rc8 16. Rc1 Qb6 17. Qf3 Qf6 18. Qe2 Rfe8 19. Ne4 Qg7 20. Nc5 Bxb2 21. Rc2 Bf5 22. Rxb2 Rxc5 23. Ba4 Rb8 24. Qxe7 Qxb2 25. Qxc5 Qxa2 26. Qxa7 Rd8 27. Qb6 Rc8 28. Bb3 Qe2 29. Qxb7 Qd3 30. Rd1 Qe4 31. Qb6 Bg4 32. Rf1 Qe2 33. Bd1 Qc4 34. Bxg4 Qxg4 35. Qb7 Rd8 36. Qb3 Kg7 37. Re1 Qf5 38. Rd1 Qe5 39. Qd3 Rd6 40. f4 Qb2 41. Rd2 Qb4 42. Qe3 Qb6 43. Kf2 Kf6 44. g4 Qxe3+ 45. Kxe3 Ra6 46. Ke4 Ke7 47. g5 Kd6 48. g4 Ra1 49. Rh2 Ra4+ 50. Kf3 Ra3+ 51. Ke4 Ra4+ 1/2-1/2

[Event "FIDE World Cup O10-A 2024"]
[Site "Batumi"]
[Date "2024.06.28"]
[Round "6.8"]
[White "Hummatov, Safa"]
[Black "Macosay Lopez, Julio David"]
[Result "1-0"]
[ECO "C57"]
[WhiteElo "1693"]
[BlackElo "1607"]
[Annotator "NA RC"]
[PlyCount "87"]
[EventDate "2024.06.23"]
[EventType "swiss"]
[EventCountry "GEO"]
[SourceTitle "playchess.com"]
[Source "ChessBase"]
[SourceQuality "1"]
[TimeControl "5400+30"]

1. e4 e5 2. Nf3 Nc6 3. Bc4 Nf6 4. Ng5 d5 5. exd5 b5 6. Bb3 Nd4 7. O-O Nxb3 8. axb3 Nxd5 9. Qe2 c6 10. Qxe5+ Qe7 11. Qg3 g6 12. c4 Nc7 13. cxb5 cxb5 14. Qc3 Qxg5 15. Qxc7 Qc5 16. Re1+ Be6 17. Qb7 Rc8 18. Rxa7 Be7 19. d4 Qd6 20. Bf4 Qb4 21. Rxe6 fxe6 22. Qxc8+ Kf7 23. Qc3 Qxc3 24. Nxc3 b4 25. Bd6 bxc3 26. Rxe7+ Kf6 27. bxc3 Ra8 28. g3 Ra1+ 29. Kg2 h5 30. Rb7 g5 31. Be5+ Kg6 32. c4 g4 33. Rg7+ Kf5 34. Rf7+ Ke4 35. Rf4+ Kd3 36. d5 exd5 37. Bxa1 dxc4 38. bxc4 h4 39. c5 h3+ 40. Kf1 Kc2 41. c6 Kb1 42. c7 Kc2 43. c8=Q+ Kb3 44. Qc4+ 1-0

[Event "FIDE World Cup O10-A 2024"]
[Site "Batumi"]
[Date "2024.06.28"]
[Round "6.9"]
[White "Jakhaia, Andria"]
[Black "Kiladze, Giorgi"]
[Result "0-1"]
[ECO "B32"]
[WhiteElo "1652"]
[BlackElo "1552"]
[Annotator "NA RC"]
[PlyCount "74"]
[EventDate "2024.06.23"]
[EventType "swiss"]
[EventCountry "GEO"]
[SourceTitle "playchess.com"]
[Source "ChessBase"]
[SourceQuality "1"]
[TimeControl "5400+30"]

1. e4 c5 2. Nf3 Nc6 3. d4 cxd4 4. Nxd4 e5 5. Nb5 a6 6. Nd6+ Bxd6 7. Qxd6 Qe7 8. Qd3 Nf6 9. Nc3 Nb4 10. Qd1 d6 11. a3 Nc6 12. Bg5 Be6 13. Bd3 h6 14. Bh4 g5 15. Bg3 h5 16. f3 O-O-O 17. Nd5 Bxd5 18. exd5 Nb8 19. Qd2 Nbd7 20. Bf5 Kb8 21. O-O-O Rhg8 22. Rhe1 Nb6 23. Qa5 Qc7 24. Bf2 Nfd7 25. Re3 Qc5 26. Qe1 Qc7 27. Rc3 Nc5 28. b4 Nba4 29. bxc5 Nxc3 30. Qxc3 f6 31. c6 Ka8 32. Kd2 bxc6 33. dxc6 d5 34. Qc5 Rd6 35. Bd7 Rb8 36. a4 d4 37. Kc1 Rxd7 0-1

[Event "FIDE World Cup O10-A 2024"]
[Site "Batumi"]
[Date "2024.06.28"]
[Round "6.10"]
[White "Chkhartishvili, Lazare"]
[Black "Obado, Sean Adrich"]
[Result "0-1"]
[ECO "B40"]
[WhiteElo "1608"]
[BlackElo "1631"]
[Annotator "NA RC"]
[PlyCount "150"]
[EventDate "2024.06.23"]
[EventType "swiss"]
[EventCountry "GEO"]
[SourceTitle "playchess.com"]
[Source "ChessBase"]
[SourceQuality "1"]
[TimeControl "5400+30"]

1. e4 c5 2. Nf3 e6 3. d4 cxd4 4. Nxd4 Nf6 5. Bd3 Bc5 6. Nb3 Bb6 7. O-O Nc6 8. Qe2 d6 9. Be3 Bxe3 10. Qxe3 O-O 11. Nc3 e5 12. Be2 Be6 13. Bf3 Qe7 14. Rfd1 Rac8 15. Rd2 Rfd8 16. Rad1 Bxb3 17. axb3 Nd4 18. Qd3 Nxf3+ 19. Qxf3 a6 20. Qe2 Qc7 21. h3 h6 22. Qd3 Qa5 23. Qe2 Qc7 24. Rc1 Qc6 25. Nd5 Nxd5 26. exd5 Qb6 27. Qe3 Qxe3 28. fxe3 g6 29. c4 b5 30. Rdc2 Rc5 31. Ra1 bxc4 32. bxc4 a5 33. b3 Rb8 34. Ra3 Rb4 35. Kf2 a4 36. Rxa4 Rxb3 37. Ra6 Rb4 38. Rxd6 Rbxc4 39. Rxc4 Rxc4 40. Rc6 Rb4 41. Rc8+ Kg7 42. d6 Rb2+ 43. Ke1 Rb7 44. Rc7 Rb8 45. Rd7 Kf6 46. Ke2 Rf8 47. Ra7 Rd8 48. Ra6 Ke6 49. d7+ Kxd7 50. Kf3 Ke7 51. Rb6 Rd6 52. Rb7+ Ke6 53. Rb8 f5 54. Rh8 e4+ 55. Ke2 h5 56. Rc8 Kf6 57. h4 Rb6 58. Kf2 Rb2+ 59. Kg3 Re2 60. Rc3 Ke5 61. Rc5+ Kd6 62. Rc3 Kd5 63. Kh3 Rd2 64. Rc1 Rd3 65. Re1 f4 66. Kh2 fxe3 67. Kg1 Kd4 68. Kf1 Rd2 69. Ra1 Rc2 70. Ra8 Rf2+ 71. Kg1 Rf5 72. Rd8+ Rd5 73. Ra8 Kd3 74. Kf1 e2+ 75. Kf2 Rf5+ 0-1

[Event "FIDE World Cup O10-A 2024"]
[Site "Batumi"]
[Date "2024.06.28"]
[Round "6.11"]
[White "Dien James"]
[Black "TURKI, YOUSEF HATTAN A"]
[Result "0-1"]
[ECO "C19"]
[WhiteElo "1419"]
[BlackElo "1401"]
[Annotator "NA RC"]
[PlyCount "94"]
[EventDate "2024.06.23"]
[EventType "swiss"]
[EventCountry "GEO"]
[SourceTitle "playchess.com"]
[Source "ChessBase"]
[SourceQuality "1"]
[TimeControl "5400+30"]

1. e4 e6 2. d4 d5 3. Nc3 Bb4 4. e5 c5 5. Nf3 Nc6 6. a3 Bxc3+ 7. bxc3 Nge7 8. Bd3 c4 9. Be2 Nf5 10. Bg5 Qa5 11. Qd2 h6 12. Be3 Bd7 13. O-O Nce7 14. h3 Ba4 15. Rfc1 b5 16. Nh2 g5 17. Bg4 O-O-O 18. Bxf5 Nxf5 19. Ng4 h5 20. Nf6 g4 21. hxg4 hxg4 22. Nxg4 Rdg8 23. Nf6 Rg7 24. Bf4 Nh4 25. Bg3 Rg6 26. Bxh4 Rxh4 27. g3 Rh8 28. Kg2 Rgh6 29. Ng4 R6h7 30. f4 Qd8 31. Qf2 Qg8 32. Qf3 Qg6 33. Ra2 Qh5 34. Kf2 Rg7 35. Nf6 Qh3 36. Qg2 Qh6 37. Raa1 Qg6 38. Rab1 a6 39. Rb2 Rh6 40. Qf3 Rh2+ 41. Kg1 Rh3 42. Kf2 Rxg3 43. Qh1 Rg2+ 44. Qxg2 Qxg2+ 45. Ke1 Qh1+ 46. Kd2 Rg2+ 47. Ke3 Qh3# 0-1